 Dungeon Crawl Stone Soup version 0.32-a0-136-gc02482bde3 (webtiles) character file.

Game seed: 17785554743094726849

644 Ceno the Changeling (level 7, 0/47 HPs)
             Began as an Octopode Shapeshifter on Feb 10, 2024.
             Was a Believer of Makhleb.
             Slain by an orc
             ... wielding a +0 trident
              (5 damage)
             ... on level 5 of the Dungeon.
             The game lasted 00:07:47 (3742 turns).

Ceno the Changeling (Octopode Shapeshifter)         Turns: 3742, Time: 00:07:47

Health: 0/47       AC:  1    Str: 15    XL:     7   Next: 52%
Magic:  7/7        EV: 13    Int: 12    God:    Makhleb [**....]
Gold:   237        SH:  0    Dex: 12    Spells: 6/6 levels left

rFire   . .          .
                       - Unarmed
rCold   . . .        (no shield)
rNeg    . . .        (helmet currently unavailable)
rPois   .            (no amulet)
rElec   .            x - ring of flight
rCorr   .            y - ring of willpower
SInv    .            (no ring)
Will    +....        (no ring)
Stlth   ++           (no ring)
HPRegen 0.27/turn    (no ring)
MPRegen 0.10/turn    (no ring)
                     (no ring)

%: no passive effects
@: beast-form, flying
A: beast (slay +3), almost no armour, amphibious, 8 rings, camouflage 1,
gelatinous body 1, (nimble swimmer 1), tentacles
a: Begin Untransformation, Renounce Religion, Minor Destruction


You were on level 5 of the Dungeon.
You worshipped Makhleb.
Makhleb was pleased with you.
You were a hulking beast.
You visited 1 branch of the dungeon, and saw 5 of its levels.

You collected 237 gold pieces.

Inventory:

Missiles
 l - 72 stones (quivered)
 t - a throwing net
 u - a poisoned dart
Jewellery
 w - an amulet of faith
 x - a ring of flight (left tentacle)
 y - a ring of willpower (right tentacle)
Talismans
 b - a beast talisman
 c - a flux talisman
 o - a maw talisman
Wands
 h - a wand of flame (12)
Scrolls
 d - a scroll of revelation {unknown}
 e - a scroll of noise {unknown}
 f - a scroll of immolation {unknown}
 g - 2 scrolls of enchant armour {unknown}
 j - a scroll of vulnerability
 n - 2 scrolls of enchant weapon
 s - a scroll of torment {unknown}
 A - a scroll of poison {unknown}
Potions
 a - 2 potions of lignification
 i - a potion of curing
 k - a potion of heal wounds
 m - 2 potions of ambrosia
 p - a potion of resistance {unknown}
 q - a potion of mutation {unknown}
 r - a potion of invisibility {unknown}
 v - a potion of magic {unknown}
 z - a potion of enlightenment {unknown}


   Skills:
 + Level 3.9 Fighting
 - Level 2.0 Dodging
 + Level 4.9 Unarmed Combat
 * Level 5.9 Shapeshifting


You had 6 spell levels left.
You didn't know any spells.
Your spell library contained the following spells:

 Spells                   Type           Power      Damage    Failure   Level
 Foxfire                  Conj/Fire      0%         2x1d4     32%         1
 Dazzling Flash           Conj/Hex       0%         N/A       69%         3
 Mephitic Cloud           Conj/Alch/Air  0%         N/A       69%         3
 Summon Ice Beast         Ice/Summ       0%         N/A       69%         3
 Curse of Agony           Necr           0%         N/A       100%        5
 Silence                  Hex/Air        0%         N/A       100%        5
 Summon Mana Viper        Hex/Summ       0%         N/A       100%        5
 Plasma Beam              Fire/Air       0%         2x1d10    100%        6
 Starburst                Conj/Fire      0%         6d3       100%        6
 Monstrous Menagerie      Summ           0%         N/A       100%        7


Dungeon Overview and Level Annotations

Branches:
Dungeon (5/15)
 Temple: D:4-7

Altars:
Cheibriados
Makhleb
Nemelex Xobeh
Ru
Vehumet
Wu Jian
The Shining One

Shops:
D:5 :

Annotations:
D:4 1 runed translucent door, Crazy Yiuf
D:5 exclusion: jelly


Innate Abilities, Weirdness & Mutations

You are a hulking beast.
Your limbs bulge with bestial killing power. (Slay +3)
You cannot wear most types of armour.
You are amphibious.
You can wear up to eight rings at the same time.
Your skin changes colour to match your surroundings (Stealth+).
Your rubbery body absorbs attacks. (AC +1, EV +1)
((You are camouflaged when in or above water. (Stealth+)))
You have tentacles for arms and can constrict up to eight enemies at once.


Message History

You tentacle-slap the orc. You grab the orc.
The orc is moderately wounded.
You constrict the orc. The orc closely misses you.
You release your grip on the orc.
The orc closely misses you.
The orc priest calls upon Beogh to heal the orc.
The orc's wounds heal themselves!
The orc priest miscasts a cantrip.
The orc attacks as it pursues you!
The orc hits you from afar with a +0 trident!
The orc attacks as it pursues you! The orc barely misses you.
The orc attacks as it pursues you!
The orc hits you from afar with a +0 trident.
The orc priest casts a cantrip, but nothing happens.
The orc attacks as it pursues you!
The orc hits you from afar with a +0 trident.
The orc attacks as it pursues you!
The orc hits you from afar with a +0 trident.
* * * LOW HITPOINT WARNING * * *
The orc attacks as it pursues you! The orc closely misses you.
The orc attacks as it pursues you! The orc closely misses you.
The orc attacks as it pursues you! The orc closely misses you.
The orc attacks as it pursues you!
The orc hits you from afar with a +0 trident.
* * * LOW HITPOINT WARNING * * *
The orc attacks as it pursues you! The orc closely misses you.
You reach down and open the door.
The orc completely misses you. The orc attacks as it pursues you!
The orc hits you from afar with a +0 trident!
* * * LOW HITPOINT WARNING * * *
There is an open door here.
The orc attacks as it pursues you!
The orc hits you from afar with a +0 trident.
* * * LOW HITPOINT WARNING * * *
The orc attacks as it pursues you! The orc closely misses you.
The orc attacks as it pursues you! The orc closely misses you.
The orc attacks as it pursues you! The orc closely misses you.
There is an open door here.
The orc attacks as it pursues you!
The orc hits you from afar with a +0 trident.
You die...

##.......## ##.##
#.........####...#####
#J.
+.........o....o......
#..
#.........####........
#.. ##.......##
##.#..##. #.#
##.....## ......##.
#.# ##..o## #.###.###.
#.# ##'## #. #.# #.
#.####### #h# # #.. ..
#.......# #)# ######
#.#####.# ##.##
#.#####.# ##...##
#...<##.####.....###
#.##.................
#.#####.######.######
#.#####.# ###
#.......#


You could see an orc priest and an orc.

Vanquished Creatures
  Sigmund (D:2)
  A black bear (D:4)
  A bullfrog (D:4)
  A hound (D:4)
  2 bombardier beetles (D:4)
  Natasha (twice) (D:2)
  An iguana (D:5)
  4 gnolls (D:4)
  6 adders
  A ribbon worm (D:2)
  2 dart slugs
  5 orcs
  4 ball pythons
  7 endoplasms
  3 giant cockroaches
  4 goblins
  5 hobgoblins
  2 jackals (D:1)
  2 kobolds
  3 quokkas
  5 bats
  5 frilled lizards
  6 rats
73 creatures vanquished.

Notes
Turn   | Place    | Note
-------+----------+-------------------------------------------
     0 | D:1      | Ceno the Octopode Shapeshifter began the quest for the Orb.
     0 | D:1      | Reached XP level 1. HP: 13/13 MP: 1/1
    81 | D:1      | Found a faded altar of an unknown god.
    93 | D:1      | Reached XP level 2. HP: 11/18 MP: 2/2
   271 | D:1      | Prayed at the altar of an unknown god.
   271 | D:1      | Became a worshipper of Makhleb the Destroyer
   271 | D:1      | Reached * piety under Makhleb
   870 | D:2      | Found a glowing golden altar of the Shining One.
   886 | D:2      | Reached XP level 3. HP: 11/24 MP: 3/3
   919 | D:2      | Noticed Sigmund
   935 | D:2      | HP: 1/24 [Sigmund/+0 scythe (8)]
  1243 | D:2      | Noticed Natasha
  1255 | D:2      | Killed Natasha
  1256 | D:2      | Reached skill level 4 in Shapeshifting
  1256 | D:2      | Reached XP level 4. HP: 14/29 MP: 4/4
  1343 | D:2      | Killed Sigmund
  1344 | D:2      | Reached XP level 5. HP: 27/36 MP: 5/5
  1344 | D:2      | Reached XP level 6. HP: 31/41 MP: 6/6
  1571 | D:2      | Noticed Natasha
  1582 | D:2      | Killed Natasha
  1652 | D:3      | Reached skill level 5 in Shapeshifting
  1739 | D:3      | Found an ornate altar of the Wu Jian Council.
  1883 | D:3      | Reached ** piety under Makhleb
  2030 | D:3      | Found a sacrificial altar of Ru.
  2492 | D:4      | Found a snail-covered altar of Cheibriados.
  2505 | D:4      | Found a glowing golden altar of the Shining One.
  2559 | D:4      | Reached XP level 7. HP: 33/46 MP: 7/7
  2619 | D:4      | Found a sparkling altar of Nemelex Xobeh.
  2647 | D:4      | Found a runed translucent door.
  2648 | D:4      | Noticed Crazy Yiuf
  3243 | D:4      | Found a radiant altar of Vehumet.
  3493 | D:5      | Entered Level 5 of the Dungeon
  3613 | D:5      | Found Ykhlurobb's Vocational Training.
  3742 | D:5      | Slain by an orc

Illustrated notes

Levels and vault maps discovered:
D:1:      scummos_arrival_forest, layout_loops_ring,
          hellmonk_ecumenical_altar_run_dry
D:2:      layout_basic, basic_altar, uniq_sigmund, uniq_natasha
D:3:      layout_loops_cross, mainiacjoe_overflow_catwalk,
          nzn_wu_jian_contemplation
D:4:      layout_basic, mainiacjoe_overflow_surrounded_room,
          grunt_temple_overflow_open, mainiacjoe_overflow_24_doors,
          serial_glass, glass_columns_b, glass_columns_a, glass_columns_a,
          glass_columns_b, glass_columns_b, glass_columns_a, glass_columns_b,
          glass_columns_b, glass_columns_a, glass_columns_b, glass_columns_c,
          glass_columns_b, glass_columns_c, glass_columns_a,
          minmay_misc_feat_columns, minmay_misc_feat_rugged, eino_curves_02,
          uniq_crazy_yiuf_cottage
D:5:      layout_loops_corners, dk_noncrumbling_3, nicolae_shop_vocational

Skill      XL: |  1  2  3  4  5  6 |
---------------+-------------------+-----
Fighting       | 2 3 |  3.9
Shapeshifting  | 4 5 |  5.9
Unarmed Combat | 4 |  4.9
Dodging        | |  2.0

Action                     |  1- 3 |  4- 6 |  7- 9 || total
---------------------------+-------+-------+-------++-------
  Melee: Unarmed           |    59 |    65 |    23 ||   147
         Constrict         |    15 |    17 |     6 ||    38
         Tentacles         |     9 |    13 |     7 ||    29
         Punch             |     2 |     5 |       ||     7
  Throw: Dart              |       |       |     4 ||     4
         Stone             |       |       |     1 ||     1
 Invoke: Minor Destruction |       |       |     1 ||     1
    Use: Scroll            |     1 |     1 |     3 ||     5
   Stab: Sleeping          |     3 |     6 |       ||     9
 Armour: Skin              |    24 |    20 |    22 ||    66
  Dodge: Dodged            |    40 |    25 |    25 ||    90

Table legend: (Time is in decaauts)
 A = Elapsed time spent in this place.
 B = Non-inter-level travel time spent in this place.
 C = Inter-level travel time spent in this place.
 D = Time resting spent in this place.
 E = Time spent auto-exploring this place.
 F = Levels seen in this place.
 G = Mean time per level.
                   A        B        C        D        E       F      G
               +--------+--------+--------+--------+--------+-----+--------+
         Total |   3739 |   3587 |    152 |    171 |   2571 |   5 |  747.8 |
       Dungeon |   3739 |   3587 |    152 |    171 |   2571 |   5 |  747.8 |
               +--------+--------+--------+--------+--------+-----+--------+

Top non-repeatable levels by time:
     D:4: 1045 daAuts
     D:1: 881 daAuts
     D:3: 796 daAuts
     D:2: 767 daAuts
     D:5: 248 daAuts
